Carnivores vs Monarchs
Created - November 17, 2019 at 09:31
Goals
|
| Carnivores |
3 |
0 |
1 |
4 |
| Monarchs |
2 |
1 |
3 |
6 |
|
Shots
|
| Carnivores |
11 |
4 |
9 |
24 |
| Monarchs |
14 |
5 |
15 |
34 |
|
1st period
1. Carnivores , Markus Granlund 4 (Joel Armia 3) at 1:31
2. Monarchs , Brayden Point 2 (Tom Wilson 5, Max Domi 12) at 8:48 (PP)
3. Carnivores , Nicolas Kerdiles 5 (Mattias Backman 3) at 18:25
4. Carnivores , Blake Geoffrion 9 (Chris Lawrence 10, Scott Laughton 7) at 18:35
5. Monarchs , Jonathan Drouin 1 (Jimmy Hayes 1, Brayden Point 4) at 19:09
Penalties :
Jeremy Welsh (Bre) for Hooking (Minor) at 1:53, Trevor Van Riemsdyk (Bre) for Holding (Minor) at 8:36, Scott Laughton (Bre) for Hooking (Minor) at 14:24
2nd period
6. Monarchs , Tom Wilson 7 (Max Domi 13, Aleksander Barkov 5) at 0:04
Penalties :
Dalton Prout (MAN) for Tripping (Minor) at 5:18, Brayden Point (MAN) for Roughing (Minor) at 11:53, Blake Geoffrion (Bre) for Roughing (Minor) at 19:21
3rd period
7. Monarchs , Max Domi 3 (Aleksander Barkov 6, Garnet Hathaway 4) at 9:27
8. Monarchs , Max Domi 4 (Aleksander Barkov 7) at 10:13
9. Carnivores , Jeremy Welsh 7 (Markus Granlund 6, Chris Lawrence 11) at 10:47
10. Monarchs , Jonathan Drouin 2 (Aleksander Barkov 8, Alex Nedeljkovic) at 18:23 (PP)
Penalties :
Eric Gustafsson (MAN) for Hooking (Minor) at 11:37, Nicolas Kerdiles (Bre) for Slashing (Minor) at 17:52
Goalie Stats
Niklas Svedberg (Bre), 28 saves from 34 shots - (0.824), L, 2-3-1, 60:00 minutes
Alex Nedeljkovic (MAN), 20 saves from 24 shots - (0.833), W, 2-3-1, 60:00 minutes
Players Stats for Carnivores
Player Name G A P +/- PIM S H SB GA TA FO MP PP MP PK MP
------------------------------------------------------------------------------------
Adam Almquist 0 0 0 0 0 0 1 0 0 0 0/0 13:32 0:05 0:00
Andreas Englund 0 0 0 0 0 0 0 0 0 0 0/0 6:05 0:00 0:00
Blake Geoffrion 1 0 1 -2 2 2 2 0 1 1 3/8 21:04 2:30 2:48
Chris Lawrence 0 2 2 -2 0 1 2 0 2 0 0/1 22:48 2:31 4:30
Curtis Lazar 0 0 0 1 0 2 1 0 0 0 6/10 13:43 0:00 2:21
David Fischer 0 0 0 2 0 3 2 1 2 2 0/0 27:44 2:09 4:45
Jeremy Welsh 1 0 1 1 2 1 1 0 0 0 0/1 17:02 3:08 0:40
Joel Armia 0 1 1 1 0 1 1 0 0 0 0/0 15:55 3:08 0:00
Lucas Wallmark 0 0 0 0 0 0 1 0 0 0 1/1 6:58 0:00 0:00
Mark McNeill 0 0 0 1 0 1 2 0 0 0 0/0 11:50 0:22 0:00
Markus Granlund 1 1 2 1 0 4 0 0 2 0 7/10 16:35 3:08 0:18
Mattias Backman 0 1 1 2 0 2 5 0 1 1 0/0 24:25 2:14 4:45
Nicolas Kerdiles 1 0 1 1 2 3 3 0 1 0 0/1 12:56 0:32 0:56
Oskar Lindblom 0 0 0 0 0 1 0 0 0 0 0/0 6:58 0:00 0:00
Riley Barber 0 0 0 0 0 1 0 0 0 0 0/0 7:04 0:05 0:00
Scott Laughton 0 1 1 -2 2 1 2 0 0 1 7/21 20:23 2:27 1:47
T.J Brodie 0 0 0 -2 0 0 2 0 1 0 0/0 18:19 3:43 1:55
Tony DeAngelo 0 0 0 0 0 1 0 4 0 1 0/0 11:36 0:00 0:00
Trevor Van Riemsdyk 0 0 0 -2 2 0 0 0 0 0 0/0 18:18 3:43 1:55
Players Stats for Monarchs
Player Name G A P +/- PIM S H SB GA TA FO MP PP MP PK MP
------------------------------------------------------------------------------------
Aleksander Barkov 0 4 4 1 0 7 2 0 0 0 13/24 19:31 3:14 0:00
Brandon Montour 0 0 0 0 0 0 1 0 1 1 0/0 20:12 2:44 3:50
Brayden Point 1 1 2 -1 2 1 1 1 0 0 11/17 16:58 3:26 0:00
Brendan Lemieux 0 0 0 0 0 1 1 0 1 1 0/0 13:06 2:44 0:00
Chrstian Dvorak 0 0 0 0 0 0 0 0 0 0 0/0 7:39 0:00 0:00
Dalton Prout 0 0 0 -2 2 1 2 1 1 1 0/0 19:09 3:56 0:00
Elias Lindholm 0 0 0 0 0 2 1 0 0 0 0/1 8:52 0:00 0:49
Eric Gustafsson 0 0 0 2 2 2 1 0 0 2 0/0 15:34 3:56 0:00
Garnet Hathaway 0 1 1 0 0 3 1 0 1 1 0/0 9:15 0:00 1:30
Gustav Forsling 0 0 0 0 0 0 0 0 0 0 0/0 6:35 0:00 0:00
Jeff Petry 0 0 0 0 0 1 0 0 0 0 0/0 9:28 0:00 2:07
Jimmy Hayes 0 1 1 -1 0 2 3 1 0 1 2/5 15:47 0:00 3:15
Jonathan Drouin 2 0 2 -1 0 3 2 0 1 1 0/0 16:24 3:14 0:00
Keith Yandle 0 0 0 0 0 0 1 0 0 1 0/0 12:53 0:00 0:00
Max Domi 2 2 4 1 0 5 1 1 1 1 0/0 20:51 3:26 0:45
Mike Amadio 0 0 0 0 0 1 0 0 0 0 1/4 14:03 0:00 3:34
Nikita Zadorov 0 0 0 2 0 0 0 0 0 0 0/0 15:15 0:00 3:50
Tom Wilson 1 1 2 1 0 4 0 0 0 0 2/2 21:26 3:26 2:01
Victor Olofsson 0 0 0 0 0 0 1 1 0 0 0/0 13:22 3:14 0:00
Zach Trotman 0 0 0 -2 0 1 2 1 0 0 0/0 17:40 0:00 2:07
3 Stars
1 - Max Domi (MAN)
2 - Aleksander Barkov (MAN)
3 - Jonathan Drouin (MAN)
Power Play
Carnivores - 0 on 3 Attempt(s) - 0.00%
Monarchs - 2 on 5 Attempt(s) - 40.00%
Penalty Kill
Carnivores - 3 on 5 Attempt(s) - 60.00%
- Score 0 goal in Penalty Kill
Monarchs - 3 on 3 Attempt(s) - 100.00%
- Score 0 goal in Penalty Kill
Team Stat
Carnivores - Hits : 25 - Faceoff Wins : 24 - Blocked Shots : 5 - Penalty Minutes : 10
Monarchs - Hits : 20 - Faceoff Wins : 29 - Blocked Shots : 6 - Penalty Minutes : 6
Official
Referees : Unknown
Linesman : Unknown
Game Notes
No Game Note
Finance
Level 1 -- Attendance: 1374 (68.70%) -- Ticket Income $54,960
Level 2 -- Attendance: 679 (67.90%) -- Ticket Income $13,580
Total Attendance: 2053 (68.43%)
Total Ticket Income: $68,540
Other Income: $3,427
Total Income: $71,967
Carnivores
5 vs 5 Forward
Center Left Wing Right Wing Time % Phy DF OF
1 Scott Laughton Blake Geoffrion Chris Lawrence 40 1 2 2
2 Markus Granlund Jeremy Welsh Joel Armia 30 1 2 2
3 Curtis Lazar Nicolas Kerdiles Mark McNeill 20 1 2 2
4 Lucas Wallmark Oskar Lindblom Riley Barber 10 1 2 2
5 vs 5 Defense
Defense Defense Time % Phy DF OF
1 David Fischer Mattias Backman 40 1 2 2
2 T.J Brodie Trevor Van Riemsdyk 30 1 2 2
3 Adam Almquist Tony DeAngelo 20 1 2 2
4 Andreas Englund David Fischer 10 1 2 2
PowerPlay Forward
Center Left Wing Right Wing Time % Phy DF OF
1 Scott Laughton Blake Geoffrion Chris Lawrence 60 1 2 2
2 Markus Granlund Jeremy Welsh Joel Armia 40 1 2 2
PowerPlay Defense
Defense Defense Time % Phy DF OF
1 David Fischer Mattias Backman 60 1 2 2
2 T.J Brodie Trevor Van Riemsdyk 40 1 2 2
Penalty Kill 4 Players Forward
Center Wing Time % Phy DF OF
1 Blake Geoffrion Chris Lawrence 60 1 2 2
2 Scott Laughton Jeremy Welsh 40 1 2 2
Penalty Kill 4 Players Defense
Defense Defense Time % Phy DF OF
1 David Fischer Mattias Backman 60 1 2 2
2 T.J Brodie Trevor Van Riemsdyk 40 1 2 2
Penalty Kill - 3 Players Forward
Forward Time % Phy DF OF
1 Blake Geoffrion 60 1 2 2
2 Chris Lawrence 40 1 2 2
Penalty Kill - 3 Players Defense
Defense Defense Time % Phy DF OF
1 David Fischer Mattias Backman 60 1 2 2
2 T.J Brodie Trevor Van Riemsdyk 40 1 2 2
4 vs 4 Forward
Center Wing Time % Phy DF OF
1 Blake Geoffrion Chris Lawrence 60 1 2 2
2 Scott Laughton Jeremy Welsh 40 1 2 2
4 vs 4 Defense
Defense Defense Time % Phy DF OF
1 David Fischer Mattias Backman 60 1 2 2
2 T.J Brodie Trevor Van Riemsdyk 40 1 2 2
Last Minutes Offensive
Center Left Wing Right Wing Defense Defense
Scott Laughton Blake Geoffrion Chris Lawrence David Fischer Mattias Backman
Last Minutes Defensive
Center Left Wing Right Wing Defense Defense
Scott Laughton Blake Geoffrion Chris Lawrence David Fischer Mattias Backman
Goaltenders
Starting : Niklas Svedberg
Backup : Tristan Jarry
Extra Forwards
Normal : Nicolas Kerdiles, Mark McNeill, Curtis Lazar - PP : Nicolas Kerdiles, Mark McNeill - PK : Curtis Lazar
Extra Defensemen
Normal : Adam Almquist, Tony DeAngelo, Andreas Englund - PP : Adam Almquist - PK : Tony DeAngelo, Andreas Englund
Penalty Shots
Blake Geoffrion, Chris Lawrence, Scott Laughton, Jeremy Welsh, Markus Granlund
Scratches
Mat Clark (Bruised Left Leg Injury), Stanislav Galiev (Healthy), Mark MacMillan (Healthy), Tyler Graovac (Healthy), Troy Bourke (Healthy)
Alexandre Mallet (Healthy), Hunter Shinkaruk (Healthy), Josh Wesley (Healthy), Linus Ullmark (Healthy)
Monarchs
5 vs 5 Forward
Center Left Wing Right Wing Time % Phy DF OF
1 Aleksander Barkov Max Domi Tom Wilson 40 1 2 2
2 Brayden Point Jonathan Drouin Jimmy Hayes 30 1 2 2
3 Mike Amadio Brendan Lemieux Victor Olofsson 25 1 2 2
4 Elias Lindholm Chrstian Dvorak Garnet Hathaway 5 1 2 2
5 vs 5 Defense
Defense Defense Time % Phy DF OF
1 Dalton Prout Zach Trotman 35 1 3 1
2 Brandon Montour Keith Yandle 30 1 3 1
3 Eric Gustafsson Nikita Zadorov 25 1 3 1
4 Gustav Forsling Jeff Petry 10 1 3 1
PowerPlay Forward
Center Left Wing Right Wing Time % Phy DF OF
1 Brayden Point Max Domi Tom Wilson 60 0 1 4
2 Aleksander Barkov Jonathan Drouin Victor Olofsson 40 0 1 4
PowerPlay Defense
Defense Defense Time % Phy DF OF
1 Dalton Prout Eric Gustafsson 60 0 2 3
2 Brandon Montour Brendan Lemieux 40 0 2 3
Penalty Kill 4 Players Forward
Center Wing Time % Phy DF OF
1 Jimmy Hayes Mike Amadio 60 1 3 1
2 Tom Wilson Garnet Hathaway 40 1 3 1
Penalty Kill 4 Players Defense
Defense Defense Time % Phy DF OF
1 Brandon Montour Nikita Zadorov 60 1 4 0
2 Jeff Petry Zach Trotman 40 1 4 0
Penalty Kill - 3 Players Forward
Forward Time % Phy DF OF
1 Mike Amadio 60 1 3 1
2 Jimmy Hayes 40 1 3 1
Penalty Kill - 3 Players Defense
Defense Defense Time % Phy DF OF
1 Brandon Montour Nikita Zadorov 75 1 4 0
2 Jeff Petry Zach Trotman 25 1 4 0
4 vs 4 Forward
Center Wing Time % Phy DF OF
1 Aleksander Barkov Brayden Point 60 1 2 2
2 Max Domi Tom Wilson 40 1 2 2
4 vs 4 Defense
Defense Defense Time % Phy DF OF
1 Dalton Prout Zach Trotman 60 1 2 2
2 Brandon Montour Dalton Prout 40 1 2 2
Last Minutes Offensive
Center Left Wing Right Wing Defense Defense
Aleksander Barkov Max Domi Tom Wilson Dalton Prout Eric Gustafsson
Last Minutes Defensive
Center Left Wing Right Wing Defense Defense
Mike Amadio Brendan Lemieux Jimmy Hayes Brandon Montour Nikita Zadorov
Goaltenders
Starting : Alex Nedeljkovic
Backup : Jason Missiaen
Extra Forwards
Normal : Aleksander Barkov, Mike Amadio, Brayden Point - PP : Jimmy Hayes, Elias Lindholm - PK : Tom Wilson
Extra Defensemen
Normal : Zach Trotman, Jeff Petry, Eric Gustafsson - PP : Dalton Prout - PK : Dalton Prout, Keith Yandle
Penalty Shots
Aleksander Barkov, Victor Olofsson, Brayden Point, Elias Lindholm, Chrstian Dvorak
Scratches
Colton Sissons (Healthy), Mike Hoffman (Healthy), Damon Severson (Facial Surgery Injury), Nicolas Deslauriers (Healthy), Brett Connolly (Healthy)
Joe Labate (Healthy), Joel Vermin (Healthy), Andrew O'Brien (Healthy), Anthony Peluso (Healthy)
% Time on Ice - Carnivores
Lines # - Real PCT - Wanted PCT - Time Play
Normal Forward
1 - 34% - 40% - 16:13
2 - 28% - 30% - 13:09
3 - 23% - 20% - 11:03
4 - 15% - 10% - 6:58
Normal Defense
1 - 36% - 40% - 17:01
2 - 27% - 30% - 12:41
3 - 24% - 20% - 11:36
4 - 13% - 10% - 6:05
PP Forward
1 - 47% - 60% - 2:49
2 - 53% - 40% - 3:08
PP Defense
1 - 38% - 60% - 2:14
2 - 62% - 40% - 3:43
PK Forward
1 - 79% - 60% - 5:17
2 - 21% - 40% - 1:23
PK Defense
1 - 71% - 60% - 4:45
2 - 29% - 40% - 1:55
PK3 Forward
1 - 0% - 60%
2 - 0% - 40%
PK3 Defense
1 - 0% - 60%
2 - 0% - 40%
44 Forward
1 - 0% - 60%
2 - 0% - 40%
44 Defense
1 - 0% - 60%
2 - 0% - 40%
Last Minute Offensive - 0:00
Last Minute Defensive - 0:00
Total
Forward - 60:00
Defense - 60:00
|
% Time on Ice - Monarchs
Lines # - Real PCT - Wanted PCT - Time Play
Normal Forward
1 - 36% - 40% - 17:04
2 - 27% - 30% - 12:34
3 - 21% - 25% - 10:06
4 - 16% - 5% - 7:39
Normal Defense
1 - 33% - 35% - 15:27
2 - 30% - 30% - 14:10
3 - 24% - 25% - 11:11
4 - 14% - 10% - 6:35
PP Forward
1 - 52% - 60% - 3:26
2 - 49% - 40% - 3:14
PP Defense
1 - 59% - 60% - 3:56
2 - 41% - 40% - 2:44
PK Forward
1 - 75% - 60% - 4:27
2 - 25% - 40% - 1:30
PK Defense
1 - 64% - 60% - 3:50
2 - 36% - 40% - 2:07
PK3 Forward
1 - 0% - 60%
2 - 0% - 40%
PK3 Defense
1 - 0% - 75%
2 - 0% - 25%
44 Forward
1 - 0% - 60%
2 - 0% - 40%
44 Defense
1 - 0% - 60%
2 - 0% - 40%
Last Minute Offensive - 0:00
Last Minute Defensive - 0:00
Total
Forward - 60:00
Defense - 60:00
|
Play-by-Play
1st period
0:01 of 1st period - Scott Laughton wins face-off versus Aleksander Barkov in neutral zone.
0:45 of 1st period - T.J Brodie is hit by Brendan Lemieux and loses puck.
0:50 of 1st period - Backhand shot by Brendan Lemieux.
0:50 of 1st period - Stopped by Niklas Svedberg with a rebound.
0:52 of 1st period - Snap shot by Mike Amadio.
0:52 of 1st period - Stopped by Niklas Svedberg without a rebound.
0:53 of 1st period - Lucas Wallmark wins face-off versus Elias Lindholm in Carnivores zone.
0:53 of 1st period - Lucas Wallmark is hit by Elias Lindholm.
1:27 of 1st period - Icing by Keith Yandle.
1:28 of 1st period - Markus Granlund wins face-off versus Aleksander Barkov in Monarchs zone.
1:31 of 1st period - Snap shot by Markus Granlund.
1:31 of 1st period - Goal by Markus Granlund - Carnivores : 1 - Monarchs : 0.
1:32 of 1st period - Markus Granlund wins face-off versus Brayden Point in neutral zone.
1:53 of 1st period - Minor Penalty to Jeremy Welsh for Hooking.
1:54 of 1st period - Brayden Point wins face-off versus Blake Geoffrion in Carnivores zone.
1:55 of 1st period - Snap shot by Max Domi.
1:55 of 1st period - Stopped by Niklas Svedberg with a rebound.
2:07 of 1st period - Backhand shot by Tom Wilson.
2:07 of 1st period - Stopped by Niklas Svedberg with a rebound.
2:21 of 1st period - Aleksander Barkov is hit by David Fischer and loses puck.
2:30 of 1st period - Scott Laughton is hit by Aleksander Barkov and loses puck.
3:53 of 1st period - Penalty to Jeremy Welsh is over, Jeremy Welsh is back on ice.
4:25 of 1st period - Brendan Lemieux is hit by Adam Almquist and loses puck.
4:54 of 1st period - Chrstian Dvorak is hit by Nicolas Kerdiles and loses puck.
5:42 of 1st period - Wrist shot by Nicolas Kerdiles.
5:42 of 1st period - Stopped by Alex Nedeljkovic with a rebound.
7:23 of 1st period - Icing by David Fischer.
7:24 of 1st period - Curtis Lazar wins face-off versus Mike Amadio in Carnivores zone.
7:29 of 1st period - Brandon Montour is hit by Chris Lawrence and loses puck.
7:34 of 1st period - Wrist shot by Blake Geoffrion.
7:34 of 1st period - Shot Blocked by Victor Olofsson.
7:36 of 1st period - Wrist shot by Scott Laughton.
7:36 of 1st period - Shot Misses the Net.
8:14 of 1st period - Wrist shot by Curtis Lazar.
8:14 of 1st period - Stopped by Alex Nedeljkovic without a rebound.
8:15 of 1st period - Brayden Point wins face-off versus Curtis Lazar in Monarchs zone.
8:36 of 1st period - Minor Penalty to Trevor Van Riemsdyk for Holding.
8:37 of 1st period - Brayden Point wins face-off versus Blake Geoffrion in Carnivores zone.
8:44 of 1st period - Slapshot by Tom Wilson.
8:44 of 1st period - Shot Misses the Net.
8:46 of 1st period - Wrist shot by Tom Wilson.
8:46 of 1st period - Stopped by Niklas Svedberg with a rebound.
8:48 of 1st period - Wrist shot by Brayden Point.
8:48 of 1st period - Goal by Brayden Point - Carnivores : 1 - Monarchs : 1.
8:49 of 1st period - Scott Laughton wins face-off versus Aleksander Barkov in neutral zone.
8:58 of 1st period - Snap shot by Chris Lawrence.
8:58 of 1st period - Shot Misses the Net.
9:18 of 1st period - Icing by Jeremy Welsh.
9:19 of 1st period - Brayden Point wins face-off versus Markus Granlund in Carnivores zone.
9:20 of 1st period - Snap shot by Jimmy Hayes.
9:20 of 1st period - Stopped by Niklas Svedberg with a rebound.
9:32 of 1st period - Snap shot by Jeremy Welsh.
9:32 of 1st period - Shot Blocked by Dalton Prout.
9:34 of 1st period - Slapshot by David Fischer.
9:34 of 1st period - Shot Blocked by Brayden Point.
9:36 of 1st period - Snap shot by Jeremy Welsh.
9:36 of 1st period - Shot Blocked by Zach Trotman.
9:38 of 1st period - Slapshot by David Fischer.
9:38 of 1st period - Stopped by Alex Nedeljkovic with a rebound.
9:40 of 1st period - Slapshot by David Fischer.
9:40 of 1st period - Stopped by Alex Nedeljkovic without a rebound.
9:41 of 1st period - Aleksander Barkov wins face-off versus Scott Laughton in Monarchs zone.
9:46 of 1st period - Tom Wilson is hit by Blake Geoffrion and loses puck.
10:36 of 1st period - Snap shot by Curtis Lazar.
10:36 of 1st period - Stopped by Alex Nedeljkovic with a rebound.
10:38 of 1st period - Slapshot by Trevor Van Riemsdyk.
10:38 of 1st period - Deflect By Mark McNeill.
10:38 of 1st period - Stopped by Alex Nedeljkovic without a rebound.
10:39 of 1st period - Blake Geoffrion wins face-off versus Aleksander Barkov in Monarchs zone.
10:44 of 1st period - Snap shot by Scott Laughton.
10:44 of 1st period - Stopped by Alex Nedeljkovic with a rebound.
10:55 of 1st period - Nikita Zadorov is hit by David Fischer and loses puck.
11:08 of 1st period - Snap shot by Victor Olofsson.
11:08 of 1st period - Shot Misses the Net.
11:13 of 1st period - Off-side.
11:14 of 1st period - Curtis Lazar wins face-off versus Mike Amadio in neutral zone.
11:17 of 1st period - Brendan Lemieux is hit by Mattias Backman.
11:48 of 1st period - Snap shot by Max Domi.
11:48 of 1st period - Stopped by Niklas Svedberg without a rebound.
11:49 of 1st period - Markus Granlund wins face-off versus Aleksander Barkov in Carnivores zone.
12:04 of 1st period - Slapshot by Markus Granlund.
12:04 of 1st period - Shot Misses the Net.
13:11 of 1st period - Snap shot by Joel Armia.
13:11 of 1st period - Stopped by Alex Nedeljkovic without a rebound.
13:12 of 1st period - Markus Granlund wins face-off versus Aleksander Barkov in Monarchs zone.
13:29 of 1st period - Slapshot by Max Domi.
13:29 of 1st period - Shot Blocked by Tony DeAngelo.
13:53 of 1st period - Wrist shot by Tom Wilson.
13:53 of 1st period - Shot Misses the Net.
13:55 of 1st period - Wrist shot by Max Domi.
13:55 of 1st period - Stopped by Niklas Svedberg with a rebound.
13:57 of 1st period - Wrist shot by Aleksander Barkov.
13:57 of 1st period - Shot Blocked by Tony DeAngelo.
13:59 of 1st period - Wrist shot by Max Domi.
13:59 of 1st period - Shot Blocked by Tony DeAngelo.
14:01 of 1st period - Snap shot by Max Domi.
14:01 of 1st period - Shot Misses the Net.
14:03 of 1st period - Snap shot by Max Domi.
14:03 of 1st period - Shot Blocked by Tony DeAngelo.
14:05 of 1st period - Slapshot by Dalton Prout.
14:05 of 1st period - Shot Misses the Net.
14:07 of 1st period - Slapshot by Dalton Prout.
14:07 of 1st period - Stopped by Niklas Svedberg with a rebound.
14:09 of 1st period - Backhand shot by Zach Trotman.
14:09 of 1st period - Stopped by Niklas Svedberg without a rebound.
14:10 of 1st period - Brayden Point wins face-off versus Scott Laughton in Carnivores zone.
14:15 of 1st period - Slapshot by Jonathan Drouin.
14:15 of 1st period - Shot Misses the Net.
14:17 of 1st period - Snap shot by Jimmy Hayes.
14:17 of 1st period - Shot Misses the Net.
14:19 of 1st period - Wrist shot by Brayden Point.
14:19 of 1st period - Shot Blocked by David Fischer.
14:24 of 1st period - Minor Penalty to Scott Laughton for Hooking.
14:25 of 1st period - Aleksander Barkov wins face-off versus Blake Geoffrion in Carnivores zone.
14:31 of 1st period - Snap shot by Jonathan Drouin.
14:31 of 1st period - Stopped by Niklas Svedberg without a rebound.
14:32 of 1st period - Blake Geoffrion wins face-off versus Aleksander Barkov in Carnivores zone.
14:50 of 1st period - David Fischer is hit by Jonathan Drouin and loses puck.
15:03 of 1st period - Snap shot by Aleksander Barkov.
15:03 of 1st period - Stopped by Niklas Svedberg without a rebound.
15:04 of 1st period - Brayden Point wins face-off versus Blake Geoffrion in Carnivores zone.
15:15 of 1st period - Wrist shot by Tom Wilson.
15:15 of 1st period - Shot Misses the Net.
16:24 of 1st period - Penalty to Scott Laughton is over, Scott Laughton is back on ice.
17:10 of 1st period - Wrist shot by Curtis Lazar.
17:10 of 1st period - Shot Misses the Net.
18:09 of 1st period - Off-side.
18:10 of 1st period - Aleksander Barkov wins face-off versus Nicolas Kerdiles in neutral zone.
18:25 of 1st period - Slapshot by Nicolas Kerdiles.
18:25 of 1st period - Goal by Nicolas Kerdiles - Carnivores : 2 - Monarchs : 1.
18:26 of 1st period - Scott Laughton wins face-off versus Brayden Point in neutral zone.
18:35 of 1st period - Slapshot by Blake Geoffrion.
18:35 of 1st period - Deflect By Brayden Point.
18:35 of 1st period - Goal by Blake Geoffrion - Carnivores : 3 - Monarchs : 1.
18:36 of 1st period - Aleksander Barkov wins face-off versus Scott Laughton in neutral zone.
18:39 of 1st period - David Fischer is hit by Dalton Prout and loses puck.
18:59 of 1st period - Icing by Chris Lawrence.
19:00 of 1st period - Brayden Point wins face-off versus Scott Laughton in Carnivores zone.
19:09 of 1st period - Slapshot by Jonathan Drouin.
19:09 of 1st period - Goal by Jonathan Drouin - Carnivores : 3 - Monarchs : 2.
19:10 of 1st period - Aleksander Barkov wins face-off versus Scott Laughton in neutral zone.
19:35 of 1st period - Markus Granlund is hit by Jonathan Drouin.
Goals for this period are 3 for Carnivores vs 2 for Monarchs .
Shots for this period are 11 for Carnivores vs 14 for Monarchs .
2nd period
0:01 of 2nd period - Aleksander Barkov wins face-off versus Scott Laughton in neutral zone.
0:04 of 2nd period - Snap shot by Tom Wilson.
0:04 of 2nd period - Goal by Tom Wilson - Carnivores : 3 - Monarchs : 3.
0:05 of 2nd period - Scott Laughton wins face-off versus Aleksander Barkov in neutral zone.
0:32 of 2nd period - Jeremy Welsh is hit by Zach Trotman and loses puck.
1:05 of 2nd period - Slapshot by Eric Gustafsson.
1:05 of 2nd period - Shot Misses the Net.
1:45 of 2nd period - Off-side.
1:46 of 2nd period - Scott Laughton wins face-off versus Aleksander Barkov in neutral zone.
1:49 of 2nd period - Aleksander Barkov is hit by Scott Laughton and loses puck.
2:12 of 2nd period - Brendan Lemieux is hit by Joel Armia and loses puck.
2:41 of 2nd period - Snap shot by Garnet Hathaway.
2:41 of 2nd period - Stopped by Niklas Svedberg without a rebound.
2:42 of 2nd period - Aleksander Barkov wins face-off versus Scott Laughton in Carnivores zone.
3:27 of 2nd period - Zach Trotman is hit by Curtis Lazar and loses puck.
3:52 of 2nd period - Slapshot by Aleksander Barkov.
3:52 of 2nd period - Shot Misses the Net.
3:54 of 2nd period - Slapshot by Eric Gustafsson.
3:54 of 2nd period - Stopped by Niklas Svedberg with a rebound.
4:24 of 2nd period - Scott Laughton is hit by Jimmy Hayes and loses puck.
4:48 of 2nd period - Max Domi is hit by Blake Geoffrion and loses puck.
5:03 of 2nd period - Snap shot by Chris Lawrence.
5:03 of 2nd period - Shot Misses the Net.
5:05 of 2nd period - Backhand shot by Trevor Van Riemsdyk.
5:05 of 2nd period - Shot Blocked by Max Domi.
5:07 of 2nd period - Snap shot by Scott Laughton.
5:07 of 2nd period - Shot Misses the Net.
5:09 of 2nd period - Wrist shot by Chris Lawrence.
5:09 of 2nd period - Stopped by Alex Nedeljkovic without a rebound.
5:10 of 2nd period - Brayden Point wins face-off versus Jeremy Welsh in Monarchs zone.
5:18 of 2nd period - Minor Penalty to Dalton Prout for Tripping.
5:19 of 2nd period - Jimmy Hayes wins face-off versus Markus Granlund in Monarchs zone.
6:00 of 2nd period - Mike Amadio is hit by Mattias Backman and loses puck.
6:12 of 2nd period - Icing by Blake Geoffrion.
6:13 of 2nd period - Tom Wilson wins face-off versus Scott Laughton in Carnivores zone.
6:42 of 2nd period - Icing by Markus Granlund.
6:43 of 2nd period - Markus Granlund wins face-off versus Jimmy Hayes in Carnivores zone.
7:18 of 2nd period - Penalty to Dalton Prout is over, Dalton Prout is back on ice.
8:18 of 2nd period - Tom Wilson is hit by Nicolas Kerdiles and loses puck.
10:21 of 2nd period - Brayden Point is hit by Mark McNeill and loses puck.
10:36 of 2nd period - Wrist shot by Aleksander Barkov.
10:36 of 2nd period - Shot Misses the Net.
11:26 of 2nd period - Snap shot by Tom Wilson.
11:26 of 2nd period - Shot Hit the Post.
11:44 of 2nd period - Slapshot by Scott Laughton.
11:44 of 2nd period - Shot Misses the Net.
11:53 of 2nd period - Minor Penalty to Brayden Point for Roughing.
11:54 of 2nd period - Markus Granlund wins face-off versus Jimmy Hayes in Monarchs zone.
13:53 of 2nd period - Penalty to Brayden Point is over, Brayden Point is back on ice.
13:59 of 2nd period - Wrist shot by Oskar Lindblom.
13:59 of 2nd period - Stopped by Alex Nedeljkovic with a rebound.
14:01 of 2nd period - Slapshot by Mattias Backman.
14:01 of 2nd period - Stopped by Alex Nedeljkovic with a rebound.
15:15 of 2nd period - Joel Armia is hit by Keith Yandle and loses puck.
17:09 of 2nd period - T.J Brodie is hit by Brayden Point and loses puck.
17:20 of 2nd period - Aleksander Barkov is hit by Lucas Wallmark and loses puck.
17:33 of 2nd period - Scott Laughton is hit by Garnet Hathaway and loses puck.
18:00 of 2nd period - Slapshot by Markus Granlund.
18:00 of 2nd period - Stopped by Alex Nedeljkovic with a rebound.
18:12 of 2nd period - Snap shot by Jimmy Hayes.
18:12 of 2nd period - Stopped by Niklas Svedberg with a rebound.
18:24 of 2nd period - Elias Lindholm is hit by Mark McNeill and loses puck.
19:01 of 2nd period - Jonathan Drouin is hit by T.J Brodie and loses puck.
19:15 of 2nd period - Icing by Brendan Lemieux.
19:16 of 2nd period - Mike Amadio wins face-off versus Scott Laughton in Monarchs zone.
19:16 of 2nd period - Mike Amadio is hit by Chris Lawrence.
19:21 of 2nd period - Minor Penalty to Blake Geoffrion for Roughing.
19:22 of 2nd period - Curtis Lazar wins face-off versus Brayden Point in Carnivores zone.
19:24 of 2nd period - Slapshot by Tom Wilson.
19:24 of 2nd period - Stopped by Niklas Svedberg without a rebound.
19:25 of 2nd period - Brayden Point wins face-off versus Curtis Lazar in Carnivores zone.
Goals for this period are 0 for Carnivores vs 1 for Monarchs .
Shots for this period are 4 for Carnivores vs 5 for Monarchs .
3rd period
0:01 of 3rd period - Curtis Lazar wins face-off versus Brayden Point in neutral zone.
0:04 of 3rd period - Slapshot by David Fischer.
0:04 of 3rd period - Stopped by Alex Nedeljkovic without a rebound.
0:05 of 3rd period - Brayden Point wins face-off versus Curtis Lazar in Monarchs zone.
0:50 of 3rd period - Slapshot by T.J Brodie.
0:50 of 3rd period - Shot Misses the Net.
0:52 of 3rd period - Wrist shot by Nicolas Kerdiles.
0:52 of 3rd period - Stopped by Alex Nedeljkovic without a rebound.
0:53 of 3rd period - Aleksander Barkov wins face-off versus Curtis Lazar in Monarchs zone.
1:21 of 3rd period - Penalty to Blake Geoffrion is over, Blake Geoffrion is back on ice.
2:41 of 3rd period - Snap shot by Markus Granlund.
2:41 of 3rd period - Stopped by Alex Nedeljkovic with a rebound.
3:14 of 3rd period - Trevor Van Riemsdyk is hit by Jimmy Hayes and loses puck.
3:31 of 3rd period - Adam Almquist is hit by Brandon Montour and loses puck.
3:52 of 3rd period - Wrist shot by Markus Granlund.
3:52 of 3rd period - Shot Misses the Net.
3:54 of 3rd period - Slapshot by Tony DeAngelo.
3:54 of 3rd period - Stopped by Alex Nedeljkovic with a rebound.
4:08 of 3rd period - Mattias Backman is hit by Dalton Prout and loses puck.
4:15 of 3rd period - Slapshot by Elias Lindholm.
4:15 of 3rd period - Shot Hit the Post.
4:46 of 3rd period - Slapshot by Chris Lawrence.
4:46 of 3rd period - Shot Misses the Net.
4:48 of 3rd period - Slapshot by Mattias Backman.
4:48 of 3rd period - Stopped by Alex Nedeljkovic with a rebound.
4:50 of 3rd period - Snap shot by Blake Geoffrion.
4:50 of 3rd period - Stopped by Alex Nedeljkovic with a rebound.
4:52 of 3rd period - Slapshot by David Fischer.
4:52 of 3rd period - Shot Hit the Post.
4:54 of 3rd period - Slapshot by David Fischer.
4:54 of 3rd period - Shot Misses the Net.
5:04 of 3rd period - Snap shot by Aleksander Barkov.
5:04 of 3rd period - Stopped by Niklas Svedberg with a rebound.
5:10 of 3rd period - Aleksander Barkov is hit by Jeremy Welsh and loses puck.
5:23 of 3rd period - Elias Lindholm is hit by Scott Laughton and loses puck.
6:11 of 3rd period - Blake Geoffrion is hit by Victor Olofsson and loses puck.
6:24 of 3rd period - Riley Barber is hit by Aleksander Barkov and loses puck.
6:29 of 3rd period - Snap shot by Aleksander Barkov.
6:29 of 3rd period - Shot Misses the Net.
6:31 of 3rd period - Wrist shot by Aleksander Barkov.
6:31 of 3rd period - Stopped by Niklas Svedberg with a rebound.
6:33 of 3rd period - Slapshot by Jeff Petry.
6:33 of 3rd period - Stopped by Niklas Svedberg with a rebound.
6:59 of 3rd period - Slapshot by Garnet Hathaway.
6:59 of 3rd period - Stopped by Niklas Svedberg with a rebound.
7:09 of 3rd period - Slapshot by Elias Lindholm.
7:09 of 3rd period - Deflect By Mark McNeill.
7:09 of 3rd period - Stopped by Niklas Svedberg with a rebound.
7:11 of 3rd period - Slapshot by Jeff Petry.
7:11 of 3rd period - Deflect By Garnet Hathaway.
7:11 of 3rd period - Shot Misses the Net.
7:11 of 3rd period - Puck is out of play.
7:12 of 3rd period - Scott Laughton wins face-off versus Aleksander Barkov in Carnivores zone.
7:12 of 3rd period - Scott Laughton is hit by Zach Trotman.
7:38 of 3rd period - Dalton Prout is hit by Mattias Backman and loses puck.
7:47 of 3rd period - Wrist shot by Markus Granlund.
7:47 of 3rd period - Shot Misses the Net.
7:49 of 3rd period - Wrist shot by Markus Granlund.
7:49 of 3rd period - Stopped by Alex Nedeljkovic without a rebound.
7:50 of 3rd period - Aleksander Barkov wins face-off versus Scott Laughton in Monarchs zone.
7:55 of 3rd period - Slapshot by Eric Gustafsson.
7:55 of 3rd period - Stopped by Niklas Svedberg with a rebound.
8:27 of 3rd period - Eric Gustafsson is hit by Mattias Backman and loses puck.
9:27 of 3rd period - Wrist shot by Max Domi.
9:27 of 3rd period - Goal by Max Domi - Carnivores : 3 - Monarchs : 4.
9:28 of 3rd period - Aleksander Barkov wins face-off versus Scott Laughton in neutral zone.
9:43 of 3rd period - Snap shot by Aleksander Barkov.
9:43 of 3rd period - Stopped by Niklas Svedberg without a rebound.
9:44 of 3rd period - Markus Granlund wins face-off versus Brayden Point in Carnivores zone.
10:11 of 3rd period - Icing by Blake Geoffrion.
10:12 of 3rd period - Aleksander Barkov wins face-off versus Chris Lawrence in Carnivores zone.
10:13 of 3rd period - Snap shot by Max Domi.
10:13 of 3rd period - Goal by Max Domi - Carnivores : 3 - Monarchs : 5.
10:14 of 3rd period - Aleksander Barkov wins face-off versus Scott Laughton in neutral zone.
10:45 of 3rd period - Snap shot by Jeremy Welsh.
10:45 of 3rd period - Shot Blocked by Jimmy Hayes.
10:47 of 3rd period - Snap shot by Jeremy Welsh.
10:47 of 3rd period - Goal by Jeremy Welsh - Carnivores : 4 - Monarchs : 5.
10:48 of 3rd period - Aleksander Barkov wins face-off versus Scott Laughton in neutral zone.
10:51 of 3rd period - Wrist shot by Tom Wilson.
10:51 of 3rd period - Shot Misses the Net.
11:13 of 3rd period - Victor Olofsson is hit by Mattias Backman and loses puck.
11:37 of 3rd period - Minor Penalty to Eric Gustafsson for Hooking.
11:38 of 3rd period - Scott Laughton wins face-off versus Jimmy Hayes in Monarchs zone.
12:17 of 3rd period - Off-side.
12:18 of 3rd period - Tom Wilson wins face-off versus Markus Granlund in neutral zone.
13:37 of 3rd period - Penalty to Eric Gustafsson is over, Eric Gustafsson is back on ice.
13:45 of 3rd period - Off-side.
13:46 of 3rd period - Curtis Lazar wins face-off versus Aleksander Barkov in neutral zone.
13:49 of 3rd period - Dalton Prout is hit by Nicolas Kerdiles and loses puck.
14:22 of 3rd period - Slapshot by Aleksander Barkov.
14:22 of 3rd period - Shot Misses the Net.
14:41 of 3rd period - Off-side.
14:42 of 3rd period - Blake Geoffrion wins face-off versus Brayden Point in neutral zone.
15:42 of 3rd period - Snap shot by Garnet Hathaway.
15:42 of 3rd period - Stopped by Niklas Svedberg with a rebound.
15:44 of 3rd period - Snap shot by Elias Lindholm.
15:44 of 3rd period - Stopped by Niklas Svedberg with a rebound.
15:51 of 3rd period - Icing by Tony DeAngelo.
15:52 of 3rd period - Jimmy Hayes wins face-off versus Scott Laughton in Carnivores zone.
16:55 of 3rd period - Tony DeAngelo is hit by Jimmy Hayes and loses puck.
17:10 of 3rd period - Tony DeAngelo is hit by Eric Gustafsson and loses puck.
17:33 of 3rd period - Wrist shot by Riley Barber.
17:33 of 3rd period - Stopped by Alex Nedeljkovic with a rebound.
17:52 of 3rd period - Minor Penalty to Nicolas Kerdiles for Slashing.
17:53 of 3rd period - Brayden Point wins face-off versus Blake Geoffrion in Carnivores zone.
18:21 of 3rd period - Wrist shot by Aleksander Barkov.
18:21 of 3rd period - Stopped by Niklas Svedberg with a rebound.
18:23 of 3rd period - Wrist shot by Jonathan Drouin.
18:23 of 3rd period - Goal by Jonathan Drouin - Carnivores : 4 - Monarchs : 6.
18:24 of 3rd period - Curtis Lazar wins face-off versus Mike Amadio in neutral zone.
18:49 of 3rd period - Chris Lawrence is hit by Max Domi and loses puck.
19:02 of 3rd period - Snap shot by Aleksander Barkov.
19:02 of 3rd period - Stopped by Niklas Svedberg with a rebound.
19:42 of 3rd period - Slapshot by Aleksander Barkov.
19:42 of 3rd period - Stopped by Niklas Svedberg with a rebound.
19:48 of 3rd period - Brayden Point is hit by T.J Brodie and loses puck.
Goals for this period are 1 for Carnivores vs 3 for Monarchs .
Shots for this period are 9 for Carnivores vs 15 for Monarchs .
Back to the Top